 Dungeon Crawl Stone Soup version 0.31-a0-1522-g43313d8a59 (webtiles) character file.

Game seed: 5961085290975842166

186 porpoise the Shooter (level 5, 0/47 HPs)
             Began as a Minotaur Hunter on Dec 31, 2023.
             Incinerated by a bombardier beetle (5 damage)
             ... with a burning spray
             ... on level 4 of the Dungeon.
             The game lasted 00:06:12 (2254 turns).

porpoise the Shooter (Minotaur Hunter)              Turns: 2254, Time: 00:06:13

Health: 0/47       AC:  5    Str: 16    XL:     5   Next: 38%
Magic:  4/4        EV: 11    Int:  6    God:
Gold:   114        SH:  0    Dex: 15    Spells: 4/4 levels left

rFire   . . .        a - +0 shortbow
rCold   . . .        (shield currently unavailable)
rNeg    . . .        p - +0 ring mail
rPois   .            (helmet restricted)
rElec   .            (no cloak)
rCorr   .            (no gloves)
SInv    .            (no boots)
Will    .....        (no amulet)
Stlth   +            (no ring)
HPRegen 0.27/turn    (no ring)
MPRegen 0.09/turn

%: no passive effects
@: mighty, on fire, glowing
A: horns 2, retaliatory headbutt
a: no special abilities


You were on level 4 of the Dungeon.
You visited 1 branch of the dungeon, and saw 4 of its levels.

You collected 114 gold pieces.

Inventory:

Hand Weapons
 a - a +0 shortbow (weapon)
Missiles
 j - 4 curare-tipped darts
Armour
 p - a +0 ring mail (worn)
Wands
 f - a wand of polymorph (7)
Scrolls
 b - a scroll of butterflies
 d - a scroll of revelation
 e - a scroll of poison {unknown}
 g - a scroll of noise {unknown}
 h - a scroll of enchant armour {unknown}
 i - a scroll of teleportation
 k - a scroll of identify
 l - a scroll of fear
 n - a scroll of enchant weapon {unknown}
 o - a scroll of summoning {unknown}
Potions
 m - 3 potions of mutation


   Skills:
 + Level 4.4 Fighting
 * Level 6.5 Ranged Weapons
 - Level 2.1 Dodging
 - Level 0.7 Stealth


You had 4 spell levels left.
You didn't know any spells.
Your spell library contained the following spells:

 Spells                   Type           Power      Damage    Failure   Level
 Kiss of Death            Conj/Necr      0%         2d5       67%         1
 Confusing Touch          Hex            0%         N/A       96%         3
 Dispel Undead            Necr           0%         3d6       100%        4
 Iskenderun's Battlesphe  Conj           0%         2d6       100%        5
 Bombard                  Conj/Erth      0%         9d1       100%        6
 Spellforged Servitor     Conj/Summ      0%         N/A       100%        7


Dungeon Overview and Level Annotations

Branches:
Dungeon (4/15)
 Temple: D:4-7

Altars:

Annotations:
D:2 Terence


Innate Abilities, Weirdness & Mutations

You have a pair of horns on your head.
You reflexively headbutt those who attack you in melee.


Message History

You shoot an arrow. The arrow hits the bombardier beetle.
The bombardier beetle is lightly wounded.
The bombardier beetle sprays incendiary fluid at you.
The burning spray hits you.
You are covered in liquid fire!
You shoot an arrow. The arrow hits the bombardier beetle.
The bombardier beetle is moderately wounded.
The liquid fire burns you!
You shoot an arrow.
The arrow barely misses the bombardier beetle.
The liquid fire burns you!
You shoot an arrow.
The arrow barely misses the bombardier beetle.
The liquid fire burns you!
You shoot an arrow. The arrow hits the bombardier beetle.
The bombardier beetle is moderately wounded.
The liquid fire burns you!
You shoot an arrow.
The arrow barely misses the bombardier beetle.
The liquid fire burns you!
You are too injured to fight recklessly!
You are too injured to fight recklessly!
You shoot an arrow.
The arrow barely misses the bombardier beetle.
The liquid fire burns you! The bombardier beetle bites you.
You shoot an arrow. The arrow hits the bombardier beetle.
The bombardier beetle is heavily wounded.
The liquid fire burns you!
* * * LOW HITPOINT WARNING * * *
You shoot an arrow. The arrow hits the bombardier beetle.
The bombardier beetle is almost dead.
The liquid fire burns you!
* * * LOW HITPOINT WARNING * * *
The bombardier beetle sprays incendiary fluid at you.
The burning spray hits you.
You are even more covered in liquid fire!
You feel very mighty all of a sudden. The liquid fire burns you!
You die...

..## ..# ....
#... ... #...
..### #...
...# #... ..#
#... #B# #.
#@# #.
#.##### ## #.
##.##.# #.#
#. #....# #.#
## ####.# #.#
##### #.# #.#
##....
#######.###.#
#..###
............#
#.##
........#...#
#.#


You could see a bombardier beetle.

Vanquished Creatures
  A bombardier beetle (D:3)
  A hound (D:3)
  Jessica (D:3)
  3 adders
  3 dart slugs
  2 ribbon worms
  An orc (D:3)
  6 ball pythons
  9 bats
  7 endoplasms
  6 goblins
  5 hobgoblins
  A jackal (D:2)
  3 kobolds
  4 quokkas
  3 frilled lizards
  5 rats
61 creatures vanquished.

Notes
Turn   | Place    | Note
-------+----------+-------------------------------------------
     0 | D:1      | porpoise the Minotaur Hunter began the quest for the Orb.
     0 | D:1      | Reached XP level 1. HP: 18/18 MP: 0/0
   217 | D:1      | Found a faded altar of an unknown god.
   285 | D:1      | Reached XP level 2. HP: 25/25 MP: 1/1
   598 | D:1      | Reached skill level 5 in Ranged Weapons
   734 | D:1      | Reached XP level 3. HP: 31/31 MP: 2/2
  1215 | D:2      | Noticed Terence
  1344 | D:3      | Noticed Jessica
  1401 | D:3      | Killed Jessica
  1402 | D:3      | Reached XP level 4. HP: 6/40 MP: 3/3
  1698 | D:3      | Reached skill level 6 in Ranged Weapons
  1837 | D:3      | Reached XP level 5. HP: 46/46 MP: 4/4
  2254 | D:4      | Incinerated by a bombardier beetle

Illustrated notes

Levels and vault maps discovered:
D:1:      elethiomel_arrival_maze, layout_basic, serial_rivers,
          chequers_serial_rivers_micro_b, chequers_serial_rivers_room_a,
          chequers_serial_rivers_micro_e, chequers_serial_rivers_large_a,
          ebering_ecumenical_altar_hall, bh_walls_and_bars
D:2:      layout_rooms, minmay_misc_feat_square, minmay_cupped, uniq_terence
D:3:      layout_rooms, minmay_cut_off, uniq_jessica
D:4:      layout_basic, nicolae_overflow_crystal_walls,
          cheibrodos_ashenzari_chains, minmay_temple_entry_poolview

Skill      XL: |  1  2  3  4 |
---------------+-------------+-----
Fighting       | 3 4 |  4.4
Ranged Weapons | 5 6 |  6.5
Dodging        | |  2.1
Stealth        | |  0.7

Action                     |  1- 3 |  4- 6 || total
---------------------------+-------+-------++-------
  Melee: Unarmed           |     6 |       ||     6
   Fire: Shortbow          |    82 |    66 ||   148
    Use: Scroll            |     1 |     4 ||     5
         Potion            |     1 |     1 ||     2
 Armour: Leather armour    |    11 |     3 ||    14
         Skin              |     4 |       ||     4
         Ring mail         |       |     3 ||     3
  Dodge: Dodged            |    17 |     4 ||    21

Table legend: (Time is in decaauts)
 A = Elapsed time spent in this place.
 B = Non-inter-level travel time spent in this place.
 C = Inter-level travel time spent in this place.
 D = Time resting spent in this place.
 E = Time spent auto-exploring this place.
 F = Levels seen in this place.
 G = Mean time per level.
                   A        B        C        D        E       F      G
               +--------+--------+--------+--------+--------+-----+--------+
         Total |   2272 |   2223 |     49 |    343 |   1461 |   4 |  568.0 |
       Dungeon |   2272 |   2223 |     49 |    343 |   1461 |   4 |  568.0 |
               +--------+--------+--------+--------+--------+-----+--------+

Top non-repeatable levels by time:
     D:1: 1043 daAuts
     D:3: 696 daAuts
     D:2: 325 daAuts
     D:4: 207 daAuts
